 Dungeon Crawl Stone Soup version 0.21-a0-460-g737a915 (webtiles) character file.

69062 4thArraOfDagon the Devastator (level 15, 0/79 HPs)
             Began as a Tengu Fire Elementalist on Nov 20, 2017.
             Was a High Priest of Vehumet.
             Succumbed to Aizul's poison arrow
             ... on level 2 of the Elven Halls.
             The game lasted 01:13:39 (10636 turns).

4thArraOfDagon the Devastator (TeFE)               Turns: 10636, Time: 01:13:40

Health: 0/79       AC: 14    Str:  9    XL:     15   Next: 28%
Magic:  4/31       EV: 14    Int: 22    God:    Vehumet [*****.]
Gold:   925        SH:  4    Dex: 14    Spells: 10/36 levels left

rFire    + + .     SeeInvis .   f - staff of fire
rCold    x . .     Gourm    .   (no shield)
rNeg     . . .     Faith    .   K - +4 troll leather armour
rPois    .         Spirit   .   (helmet restricted)
rElec    .         Reflect  +   v - +0 cloak
rCorr    .         Harm     .   k - +2 pair of gloves
MR       +....     Clarity  +   (boots unavailable)
Stlth    ++........             i - +4 amulet of reflection
HPRegen  0.63/turn              r - ring of wizardry
MPRegen  0.22/turn              Q - ring of fire

@: lethally poisoned (0 -> -47), flying quickly and evasively, very slightly
contaminated, drained, quick
A: beak, talons 3, icy blue scales 1, clarity, robust 1, able to fly 2
a: Stop Flying, Renounce Religion


You were on level 2 of the Elven Halls.
You worshipped Vehumet.
Vehumet was extremely pleased with you.
You were hungry.

You visited 4 branches of the dungeon, and saw 21 of its levels.

You collected 1417 gold pieces.
You spent 492 gold pieces at shops.

Inventory:

Hand Weapons
 n - a +1 hand axe
Armour
 a - a +0 robe
 e - a +0 ring mail
 h - a +0 robe of resistance
 k - a +2 pair of gloves (worn)
 v - a +0 cloak (worn)
 x - a +2 robe of magic resistance
 K - a +4 troll leather armour (worn)
 O - a +1 robe of magic resistance
 R - cursed +0 swamp dragon scales
Magical Staves
 f - an uncursed staff of fire (weapon)
Jewellery
 d - an uncursed ring of ice
 i - a +4 amulet of reflection (around neck)
 r - a ring of wizardry (left hand)
 G - an uncursed ring of see invisible
 H - an uncursed ring of wizardry
 Q - a ring of fire (right hand)
Wands
 g - a wand of acid (1)
 p - a wand of paralysis (41)
 s - a wand of digging (7)
 P - a wand of clouds (4)
Scrolls
 l - 2 scrolls of enchant weapon
 m - 2 scrolls of vulnerability
 q - a scroll of holy word {unknown}
 w - a scroll of teleportation {unknown}
 y - a scroll of amnesia
 B - a scroll of fog
 C - 3 scrolls of remove curse
 E - 2 scrolls of noise {unknown}
 L - a scroll of summoning
Potions
 j - 3 potions of haste
 u - a potion of heal wounds
 z - a potion of mutation
 A - a potion of berserk rage
 D - 2 potions of curing
 F - 2 potions of brilliance
 I - a potion of might
 J - a potion of flight
 N - a potion of agility
Books
 b - a book of Flames

   Spells                             Type                      Level
   a - Flame Tongue                   Conjuration/Fire             1
   b - Throw Flame                    Conjuration/Fire             2
   c - Conjure Flame                  Conjuration/Fire             3
   d - Inner Flame                    Hexes/Fire                   3
   e - Sticky Flame                   Conjuration/Fire             4
   f - Fireball                       Conjuration/Fire             5
Comestibles
 c - 8 bread rations
 o - 6 meat rations
 t - 3 chunks of flesh


   Skills:
 + Level 2.3(2.2) Dodging
 - Level 2.0(1.9) Stealth
 + Level 11.2(11.1) Spellcasting
 * Level 20.1(19.9) Conjurations
 * Level 17.5(17.4) Fire Magic


You had 10 spell levels left.
You knew the following spells:

 Your Spells              Type           Power        Failure   Level  Hunger
a - Flame Tongue          Conj/Fire      #####        0%          1    None
b - Conjure Flame         Conj/Fire      ########     0%          3    None
c - Sticky Flame          Conj/Fire      ########     1%          4    #......
d - Fireball              Conj/Fire      ########..   1%          5    ####...
e - Iskenderun's Mystic   Conj           #######.     0%          4    #......
f - Blink                 Tloc           N/A          4%          2    None
g - Orb of Destruction    Conj           #######...   1%          7    #######


Dungeon Overview and Level Annotations

Branches:
Dungeon (15/15)            Temple (1/1) D:4            Lair (0/6) D:11
    Orc (2/2) D:9             Elf (3/3) Orc:2        Vaults (0/5) D:13
 Depths: D:15

Altars:
Ashenzari
Cheibriados
Dithmenos
Fedhas
Gozag
Hepliaklqana
Kikubaaqudgha
Makhleb
Nemelex Xobeh
Okawaru
Qazlal
Ru
Sif Muna
Trog
Vehumet
Wu Jian
Xom
Zin
The Shining One
Beogh

Shops:
D:10 =   Orc:2 [=:*

Annotations:
Elf:3 Aizul


Innate Abilities, Weirdness & Mutations

You have a beak for a mouth.
You have claws for feet.
You can fly continuously.
You are partially covered in icy blue scales. (AC +2)
You possess an exceptional clarity of mind.
You are robust. (+10% HP)


Message History

Okay, then.
Unknown command.
Okay, then.
Unknown command.
Blink to where?
Press: ? - help, Dir - move target cursor, p - Aizul You are very lightly contaminated with residual magic.
As you read the scroll of blinking, it crumbles to dust.
You feel sick. Aizul casts a spell at you. The bolt of poison hits you!
You are more poisoned.
Unknown command.
You feel very sick. Aizul casts a spell at you. The poison arrow hits you!
You are more poisoned.
* * * LOW HITPOINT WARNING * * *
You fly upwards.
You die...

#...........#
#.......!.>.#
#........)..#
##.........##
##.....).)## #####
+#...[.##.#####
###...#+##########'#.)<
#.......# #)(.>.
#.....@.####### #[...[
#<......'...... +....)
#.......####### #...<.
#.....(.# #.)...
###...### ###>.. #####
####


There were no monsters in sight!

Vanquished Creatures
  A deep elf demonologist (Elf:3)
  A deep elf death mage (Elf:3)
  Snorg (Orc:2)
  Erolcha (D:12)
  Josephine (D:12)
  8 vault guards
  2 hydras (D:14)
  4 centaur warriors (D:14)
  6 two-headed ogres
  A tengu warrior (D:13)
  7 dancing weapons
  8 orc high priests (Orc:2)
  3 deep elf knights
  An unseen horror (D:14)
  3 deep elf archers
  4 orc knights
  A wizard (D:14)
  16 deep elf magi
  A wolf spider zombie (D:11)
  2 orc sorcerers (Orc:1)
  6 ugly things
  6 cyclopes
  3 manticores
  3 centaur zombies
  2 gargoyles
  A tengu conjurer (D:13)
  2 hellwings (D:11)
  7 trolls
  A hornet (D:9)
  A harpy skeleton (D:11)
  3 hippogriffs
  A meliai zombie (D:11)
  A wyvern (D:12)
  A water elemental (Elf:1)
  26 yaks
  An air elemental (Elf:3)
  5 wraiths (D:12)
  2 fire elementals (Elf:1)
  10 vampire mosquitoes
  4 hungry ghosts
  7 wargs
  A water moccasin (D:5)
  2 sky beasts
  22 orc warriors
  3 eyes of draining
  A black bear (D:13)
  2 necrophages
  5 phantoms
  4 ice beasts
  12 ogres
  2 centaurs (D:5)
  2 big kobolds (D:9)
  10 bullfrogs
  A wyvern zombie (D:11)
  A wyvern skeleton (D:11)
  5 scorpions
  7 killer bees
  11 wights
  A howler monkey (D:12)
  4 crimson imps
  A bullfrog zombie (D:11)
  6 jellies
  5 centaur skeletons
  3 hounds
  40 orc priests
  3 iguanas
  21 orc wizards
  A gnoll shaman (D:4)
  4 bullfrog skeletons
  6 worker ants
  A killer bee zombie (D:6)
  A hound skeleton (D:4)
  A worker ant zombie (D:5)
  A howler monkey skeleton (D:4)
  9 gnolls
  6 adders
  6 shadow imps
  An adder skeleton (D:7)
  A worm (D:4)
  A dart slug (D:4)
  3 leopard geckos
  99 orcs
  4 bats
  2 giant cockroaches
  A gnoll zombie (D:5)
  2 goblins
  A hobgoblin (D:1)
  3 jackals (D:5)
  7 kobolds
  A quokka (D:3)
  3 frilled lizards
  A quokka skeleton (D:6)
  2 rats
508 creatures vanquished.

Vanquished Creatures (others)
  An orc wizard (D:13)
  2 plants (D:15)
  7 withered plants (D:11)
10 creatures vanquished.

Grand Total: 518 creatures vanquished

Notes
Turn   | Place    | Note
-------+----------+-------------------------------------------
     0 | D:1      | 4thArraOfDagon the Tengu Fire Elementalist began the quest for the Orb.
     0 | D:1      | Reached XP level 1. HP: 10/10 MP: 4/4
   114 | D:1      | Reached skill level 2 in Conjurations
   114 | D:1      | Reached XP level 2. HP: 15/15 MP: 3/6
   316 | D:4      | Reached XP level 3. HP: 16/19 MP: 1/7
   321 | D:4      | Learned a level 3 spell: Conjure Flame
   324 | D:4      | Noticed a phantom
   341 | D:5      | Entered Level 5 of the Dungeon
   346 | D:5      | Found a bloodstained altar of Trog.
   400 | D:5      | Found a shadowy altar of Dithmenos.
   453 | D:4      | Found a bloodstained altar of Trog.
   482 | D:4      | You fall through a shaft for 3 floors!
   553 | D:7      | Noticed a necrophage
   581 | D:7      | Killed a necrophage
   581 | D:7      | Reached skill level 4 in Conjurations
   581 | D:7      | Reached XP level 4. HP: 16/23 MP: 0/9
   581 | D:7      | Gained mutation: You can fly. [Tengu growth]
   581 | D:7      | Reached XP level 5. HP: 19/27 MP: 0/10
   591 | D:7      | Learned a level 4 spell: Sticky Flame
   716 | D:7      | Found an ornate altar of the Wu Jian Council.
   716 | D:7      | Found a hazy altar of Hepliaklqana.
   717 | D:7      | Found a stormy altar of Qazlal.
   729 | D:7      | Found a sacrificial altar of Ru.
   765 | D:7      | Noticed an ogre
   879 | D:5      | Noticed a water moccasin
   925 | D:5      | Noticed a necrophage
   943 | D:5      | Killed a necrophage
   943 | D:5      | Reached skill level 5 in Conjurations
   943 | D:5      | Reached skill level 5 in Fire Magic
   943 | D:5      | Reached XP level 6. HP: 28/31 MP: 5/11
  1020 | D:5      | Killed a water moccasin
  1020 | D:5      | Reached XP level 7. HP: 11/35 MP: 1/13
  1067 | D:6      | Reached skill level 6 in Conjurations
  1220 | D:5      | Learned a level 5 spell: Fireball
  1386 | D:4      | Noticed a moth of wrath
  1423 | D:4      | Reached skill level 7 in Conjurations
  1533 | D:4      | Found a glowing golden altar of the Shining One.
  1575 | D:4      | Reached XP level 8. HP: 28/41 MP: 1/15
  2172 | D:4      | Found a staircase to the Ecumenical Temple.
  2178 | Temple   | Entered the Ecumenical Temple
  2201 | Temple   | Became a worshipper of Vehumet
  2299 | D:6      | Reached skill level 8 in Conjurations
  2690 | D:7      | Reached skill level 9 in Conjurations
  2756 | D:8      | Reached XP level 9. HP: 29/45 MP: 3/17
  2871 | D:8      | Reached skill level 5 in Spellcasting
  2925 | D:8      | Noticed a two-headed ogre
  2953 | D:8      | Killed a two-headed ogre
  2953 | D:8      | Reached skill level 10 in Conjurations
  3100 | D:10     | Entered Level 10 of the Dungeon
  3115 | D:9      | Noticed a hornet
  3120 | D:9      | Killed a hornet
  3120 | D:9      | Reached * piety under Vehumet
  3120 | D:9      | Offered knowledge of Sting by Vehumet.
  3120 | D:9      | Reached skill level 11 in Conjurations
  3275 | D:9      | Reached skill level 10 in Fire Magic
  3307 | D:9      | Reached XP level 10. HP: 48/50 MP: 9/20
  3445 | D:9      | Found a staircase to the Orcish Mines.
  3763 | D:10     | Reached skill level 12 in Conjurations
  3833 | D:10     | Reached ** piety under Vehumet
  3912 | D:10     | Offered knowledge of Sandblast by Vehumet.
  3949 | D:10     | Noticed a two-headed ogre
  3962 | D:10     | Killed a two-headed ogre
  3962 | D:10     | Reached skill level 13 in Conjurations
  3999 | D:10     | Reached XP level 11. HP: 54/54 MP: 9/22
  4062 | D:10     | Noticed a two-headed ogre
  4073 | D:10     | Killed a two-headed ogre
  4095 | D:10     | Found Qofop's Jewellery Emporium.
  4219 | D:11     | Noticed a white ugly thing
  4220 | D:11     | magipi: go tefe!
  4222 | D:11     | Noticed a cyclops
  4232 | D:10     | Killed a white ugly thing
  4235 | D:10     | Gained mutation: You possess an exceptional clarity of mind. [mutagenic meat]
  4236 | D:10     | Gained mutation: You are partially covered in icy blue scales. (AC +2) [mutagenic meat]
  4237 | D:10     | Gained mutation: You are robust. (+10% HP) [mutagenic meat]
  4292 | D:11     | Noticed a two-headed ogre
  4296 | D:11     | Killed a two-headed ogre
  4413 | D:11     | Noticed a two-headed ogre
  4432 | D:11     | Killed a two-headed ogre
  4432 | D:11     | Offered knowledge of Searing Ray by Vehumet.
  4432 | D:11     | Reached skill level 14 in Conjurations
  4460 | D:11     | Found a staircase to the Lair.
  4500 | D:11     | Found a stormy altar of Qazlal.
  4568 | D:11     | magipi: this is an exceptionally tough d11
  4672 | D:11     | Reached *** piety under Vehumet
  4795 | D:11     | Noticed a manticore
  4803 | D:11     | Killed a manticore
  4828 | D:11     | Reached XP level 12. HP: 31/64 MP: 10/25
  4908 | D:11     | Reached skill level 15 in Conjurations
  4960 | D:11     | Offered knowledge of Force Lance by Vehumet.
  5156 | D:12     | 4thArraOfDagon: wand stacking
  5156 | D:12     | 4thArraOfDagon: !
  5235 | D:12     | Noticed Erolcha
  5248 | D:12     | Killed Erolcha
  5445 | D:12     | Noticed Josephine
  5460 | D:12     | Reached **** piety under Vehumet
  5461 | D:12     | Killed Josephine
  5498 | D:12     | Reached skill level 16 in Conjurations
  5627 | D:12     | Found an ancient bone altar of Kikubaaqudgha.
  5713 | D:12     | Offered knowledge of Iskenderun's Mystic Blast by Vehumet.
  5950 | D:13     | Learned a level 4 spell: Iskenderun's Mystic Blast
  6002 | D:13     | Noticed a vault guard
  6002 | D:13     | Noticed a vault guard
  6003 | D:13     | Noticed a vault guard
  6003 | D:13     | Found a gate to the Vaults.
  6003 | D:13     | Noticed a vault guard
  6003 | D:13     | Noticed a vault guard
  6006 | D:13     | Noticed a vault guard
  6012 | D:13     | Noticed a vault guard
  6013 | D:13     | Killed a vault guard
  6017 | D:13     | Killed a vault guard
  6017 | D:13     | Reached XP level 13. HP: 69/69 MP: 0/27
  6018 | D:13     | Killed a vault guard
  6018 | D:13     | Killed a vault guard
  6069 | D:12     | Killed a vault guard
  6295 | D:13     | Reached skill level 17 in Conjurations
  6310 | D:13     | Noticed a vault guard
  6339 | D:13     | Killed a vault guard
  6352 | D:13     | Reached skill level 15 in Fire Magic
  6366 | D:13     | Reached ***** piety under Vehumet
  6399 | D:13     | Killed a vault guard
  6399 | D:13     | Offered knowledge of Lightning Bolt by Vehumet.
  6467 | D:13     | Found a roughly hewn altar of Beogh.
  6949 | D:14     | Found a shimmering altar of Xom.
  7104 | D:13     | Reached skill level 10 in Spellcasting
  7112 | D:13     | Reached skill level 18 in Conjurations
  7159 | D:13     | Killed a vault guard
  7352 | D:14     | Gained mutation: You can fly continuously. [Tengu growth]
  7352 | D:14     | Reached XP level 14. HP: 56/74 MP: 22/29
  7579 | D:15     | Entered Level 15 of the Dungeon
  7843 | Orc:1    | Entered Level 1 of the Orcish Mines
  7935 | Orc:1    | Offered knowledge of Bolt of Magma by Vehumet.
  8121 | Orc:2    | Entered Level 2 of the Orcish Mines
  8352 | Orc:2    | Noticed Snorg
  8593 | Orc:2    | Killed Snorg
  8680 | Orc:2    | Found Zaitraw's Book Boutique.
  8680 | Orc:2    | Found Wikliman's Assorted Antiques.
  8697 | Orc:2    | Bought a viscous black potion for 24 gold pieces
  8697 | Orc:2    | Bought a scroll labeled BENAOM LERULE for 27 gold pieces
  8727 | Orc:2    | Offered knowledge of Spellforged Servitor by Vehumet.
  8840 | Orc:2    | Reached skill level 19 in Conjurations
  9019 | Orc:2    | Found a roughly hewn altar of Beogh.
  9031 | Orc:2    | Found Naymakh's Antique Armour Boutique.
  9031 | Orc:2    | Found Uraod's Jewellery Emporium.
  9045 | Orc:2    | Bought an uncursed ring of fire for 350 gold pieces
  9045 | Orc:2    | Bought a cursed ring of teleportation for 63 gold pieces
  9045 | Orc:2    | Bought a cursed -3 ring of slaying for 28 gold pieces
  9123 | Orc:2    | Found a roughly hewn altar of Beogh.
  9251 | Orc:2    | Found a staircase to the Elven Halls.
  9419 | Elf:1    | Entered Level 1 of the Elven Halls
  9628 | Elf:1    | Learned a level 2 spell: Blink
  9695 | Elf:3    | Entered Level 3 of the Elven Halls
  9923 | Elf:2    | Reached XP level 15. HP: 68/79 MP: 23/31
 10213 | Elf:3    | Offered knowledge of Orb of Destruction by Vehumet.
 10230 | Elf:3    | Learned a level 7 spell: Orb of Destruction
 10282 | Elf:3    | Reached skill level 20 in Conjurations
 10612 | Elf:3    | Noticed Aizul
 10631 | Elf:3    | HP: 1/79 [Aizul/bolt of poison (32)]
 10634 | Elf:3    | Rhok: aizul is mean ;D
 10636 | Elf:2    | Succumbed to Aizul's poison arrow

Vault maps used:
D:1:      minmay_arrival_doors, serial_bayou_pond_e, glass_columns_b,
          minmay_misc_feat_alley
D:3:      nicolae_overflow_crystal_walls
D:4:      tgw_trog, kennysheep_mini_moat, minmay_temple_entry_enclosed_plants,
          first_bread, minmay_misc_feat_more_columns, trog_butcher_becter
D:5:      nicolae_dithmenos_the_darkroom, lemuel_zombie_altar_yredelemnul,
          basic_altar
D:7:      nicolae_overflow_quartered_altars
D:8:      lemuel_mausoleum_altar_kikubaaqudgha, special_room, uniq_maurice
D:9:      orc_david_3, blue_anna_alchemist
D:10:     serial_shops, kennysheep_little_box
D:11:     cheibrodos_grave_circle, lair_entry_dummy, st_stairs_9,
          nicolae_qazlal_eye_of_the_storm
D:12:     basic_altar, spider_trap, uniq_erolcha, uniq_josephine
D:13:     erik_vaults_2, david_defended_altar_orc
D:14:     basic_altar, hangedman_abyss_or_decor_lesser_grid
D:15:     grunt_enter_depths_snipers, serial_bayou_pond_a, uniq_urug,
          uniq_nessos
Temple:   minmay_temple_bridge_abc
Orc:2:    st_orc_town, mines2_david, uniq_snorg
Elf:1:    hangedman_elven_crosses_minicolossus
Elf:2:    serial_shops, shop, uniq_jorgrun, uniq_saint_roka
Elf:3:    elf_hall_gauntlet_wide, st_stairs_9, uniq_aizul

Skill      XL: |  1  2  3  4  5  6  7  8  9 10 11 12 13 14 15 |
---------------+----------------------------------------------+-----
Conjurations   | 2 4 5 7 9 11 13 14 16 18 19 20 | 20.1
Fire Magic     | 4 5 6 8 10 11 13 14 15 17 | 17.5
Spellcasting   | 3 4 6 7 8 9 10 11 | 11.2
Dodging        | |  2.3
Stealth        | |  2.0

Action                   |  1- 3 |  4- 6 |  7- 9 | 10-12 | 13-15 || total
-------------------------+-------+-------+-------+-------+-------++-------
Melee: Unarmed           |    15 |       |       |       |       ||    15
       Kick              |     5 |     2 |    16 |    34 |    52 ||   109
       Peck              |     2 |     1 |     8 |    21 |    33 ||    65
       Hand axe          |    10 |     5 |     1 |       |       ||    16
       Staff             |       |       |    63 |   137 |   264 ||   464
 Cast: Flame Tongue      |    36 |     8 |    98 |    80 |    22 ||   244
       Sticky Flame      |       |     2 |    30 |    55 |    88 ||   175
       Conjure Flame     |       |       |     7 |    45 |    37 ||    89
       Fireball          |       |       |     1 |    33 |    97 ||   131
       Iskenderun's Myst |       |       |       |     1 |    27 ||    28
       Orb of Destructio |       |       |       |       |     8 ||     8
 Abil: Fly               |       |       |       |     1 |     2 ||     3
Evoke: Wand              |       |     2 |     5 |    33 |    16 ||    56
  Use: Scroll            |     6 |       |     8 |     8 |     6 ||    28
       Potion            |       |       |     1 |     3 |     2 ||     6
 Stab: Sleeping          |     1 |       |       |       |       ||     1
       Paralysed         |       |       |     3 |       |     6 ||     9
  Eat: Royal jelly       |       |     1 |       |       |     3 ||     4
       Chunk             |       |       |    12 |    19 |    31 ||    62
       Fruit             |       |       |     8 |     4 |       ||    12
       Bread ration      |       |       |       |       |     1 ||     1
Armor: Ring mail         |    16 |       |     9 |     7 |       ||    32
       Robe              |       |     2 |     6 |       |       ||     8
       Troll leather arm |       |       |       |    65 |   140 ||   205
Dodge: Dodged            |    28 |     6 |    47 |   107 |   210 ||   398
Block: Other             |     4 |     2 |    18 |    40 |    61 ||   125
       Reflection        |       |       |       |       |    11 ||    11

Table legend:
 A = Spawn XP
 B = Non-spawn XP
 C = Spawn XP percentage of total XP
 D = Spawn monster count
 E = Non-spawn monster count
 F = Spawn count percentage of total count
 G = Total turns spent on level
                    A         B        C        D         E        F      G
               +---------+---------+-------+---------+---------+-------+---------
         Total |       0 |   98661 |   0.0 |       0 |     508 |   0.0 | 10636
               +---------+---------+-------+---------+---------+-------+---------
           D:1 |       0 |      12 |   0.0 |       0 |       7 |   0.0 |   147
           D:2 |       0 |       5 |   0.0 |       0 |       3 |   0.0 |    56
           D:3 |       0 |       5 |   0.0 |       0 |       3 |   0.0 |    54
           D:4 |       0 |     391 |   0.0 |       0 |      23 |   0.0 |   695
           D:5 |       0 |     865 |   0.0 |       0 |      19 |   0.0 |   817
           D:6 |       0 |     520 |   0.0 |       0 |      11 |   0.0 |   448
           D:7 |       0 |     448 |   0.0 |       0 |       7 |   0.0 |   432
           D:8 |       0 |    1546 |   0.0 |       0 |      12 |   0.0 |   385
           D:9 |       0 |    2689 |   0.0 |       0 |      36 |   0.0 |   616
          D:10 |       0 |    5783 |   0.0 |       0 |      28 |   0.0 |   754
          D:11 |       0 |    8028 |   0.0 |       0 |      40 |   0.0 |   743
          D:12 |       0 |   11754 |   0.0 |       0 |      60 |   0.0 |   984
          D:13 |       0 |   13511 |   0.0 |       0 |      41 |   0.0 |   748
          D:14 |       0 |   12191 |   0.0 |       0 |      39 |   0.0 |   820
          D:15 |       0 |     810 |   0.0 |       0 |       2 |   0.0 |   138
         Orc:1 |       0 |    3165 |   0.0 |       0 |      26 |   0.0 |   366
         Orc:2 |       0 |   14146 |   0.0 |       0 |     116 |   0.0 |  1169
         Elf:1 |       0 |    7487 |   0.0 |       0 |      14 |   0.0 |   554
         Elf:2 |       0 |    5836 |   0.0 |       0 |       9 |   0.0 |    95
         Elf:3 |       0 |    9469 |   0.0 |       0 |      12 |   0.0 |   568
               +---------+---------+-------+---------+---------+-------+---------
